 Dungeon Crawl Stone Soup version 0.29-a0-409-gd843f3a48c (webtiles) character file.

Game seed: 3094311820969033862

126 Parzival711 the Chopper (level 5, -2/46 HPs)
             Began as a Hill Orc Monk on May 13, 2022.
             Was a Follower of Beogh.
             Killed from afar by an orc wizard (4 damage)
             ... with a magic dart
             ... on level 5 of the Dungeon.
             The game lasted 00:04:52 (2482 turns).

Parzival711 the Chopper (Hill Orc Monk)             Turns: 2482, Time: 00:04:53

Health: -2/46      AC:  6    Str: 16    XL:     5   Next: 10%
Magic:  5/5        EV: 10    Int: 10    God:    Beogh [*.....]
Gold:   69         SH:  0    Dex: 13    Spells: 4/4 levels left

rFire   . . .      SeeInvis .   a - +1 hand axe
rCold   . . .      Faith    .   (no shield)
rNeg    . . .      Spirit   .   i - +0 scale mail
rPois   .          Reflect  .   (no helmet)
rElec   .          Harm     .   (no cloak)
rCorr   .          Rampage  .   (no gloves)
Will    .....                   (no boots)
Stlth   ..........              (no amulet)
HPRegen 0.15/turn               (no ring)
MPRegen 0.09/turn               (no ring)

@: confused, lethally poisoned (-2 -> -22)
A: no striking features
a: Renounce Religion


You were on level 5 of the Dungeon.
You worshipped Beogh.
Beogh was aware of your devotion.
You visited 1 branch of the dungeon, and saw 5 of its levels.

You collected 69 gold pieces.

Inventory:

Hand Weapons
 a - a +1 hand axe (weapon)
Armour
 b - a +0 robe
 i - a +0 scale mail (worn)
Jewellery
 m - a ring of resist corrosion
Potions
 c - a potion of ambrosia
 k - 2 potions of heal wounds
 l - 2 potions of attraction
 n - a potion of resistance


   Skills:
 + Level 4.1 Fighting
 + Level 5.5 Axes
 + Level 2.0 Armour
 + Level 2.8 Dodging
 + Level 2.2 Stealth
 + Level 0.3 Invocations


You had 4 spell levels left.
You didn't know any spells.
Your spell library was empty.

Dungeon Overview and Level Annotations

Branches:
Dungeon (5/15)
 Temple: D:4-7

Altars:
Okawaru
Xom
The Shining One

Annotations:
D:5 Grinder


Message History

The orc wizard closely misses you.
You hit the orc wizard.
The orc wizard is lightly wounded.
You hit the orc but do no damage. You barely miss the orc wizard.
The orc wizard hits you with a +0 dagger of venom.
You are poisoned.
The orc wizard hits you but does no damage.
The orc closely misses you.
You hit the orc wizard.
The orc wizard is moderately wounded.
You hit the orc. You hit the orc wizard.
You feel very sick.
The orc wizard closely misses you. x2; The orc closely misses you.
You hit the orc wizard.
The orc wizard is moderately wounded.
You hit the orc wizard. You hit the orc but do no damage.
You feel sick.
The orc wizard points at you and mumbles some strange words.
You are confused.
The orc wizard barely misses you. The orc barely misses you.
You hit the orc wizard.
The orc wizard is heavily wounded.
You hit the orc. You closely miss the orc wizard.
You feel sick.
The orc wizard hits you but does no damage.
You are lethally poisoned!
The orc wizard barely misses you. The orc hits you but does no damage.
You bump into the rock wall.
* * * LOW HITPOINT WARNING * * *
You feel very sick.
The orc wizard hits you but does no damage.
You are more poisoned.
The orc wizard closely misses you. The orc barely misses you.
You hit the orc wizard but do no damage.
The orc wizard is heavily wounded.
You hit the orc wizard. You closely miss the orc.
* * * LOW HITPOINT WARNING * * *
You feel very sick. The orc wizard casts a spell at you.
The magic dart hits you.
You die...
Beogh appreciates the orc wizard's killing of a heretic priest.

.#... ...... #..
....# #.# ...# ....
#..##.#.######## #
#.....#.#....).# #
#+###...# #.#.####.#
# +_###@o.#
#.#.####.# #
#+###oo.###........#
# #.........###### #
#..######## # .....#
# .<...>.# #
......... #
....###.. # .... #..


You could see 2 orc wizards and an orc.

Vanquished Creatures
  A jelly (D:5)
  An iguana (D:4)
  A gnoll (D:3)
  2 adders (D:5)
  A dart slug (D:1)
  An orc (D:5)
  4 endoplasms
  A giant cockroach (D:3)
  5 goblins (D:1)
  4 hobgoblins
  2 quokkas (D:1)
  4 ball pythons
  A bat (D:2)
  3 frilled lizards
  7 rats
38 creatures vanquished.

Vanquished Creatures (others)
  An orc (D:3)
  A jackal (D:3)
  4 fungi (D:2)
  5 plants (D:2)
11 creatures vanquished.

Grand Total: 49 creatures vanquished

Notes
Turn   | Place    | Note
-------+----------+-------------------------------------------
     0 | D:1      | Parzival711 the Hill Orc Monk began the quest for the Orb.
     0 | D:1      | Reached XP level 1. HP: 19/19 MP: 1/1
   425 | D:1      | Reached XP level 2. HP: 19/27 MP: 2/2
  1339 | D:1      | Reached XP level 3. HP: 32/33 MP: 3/3
  1579 | D:2      | Found a faded altar of an unknown god.
  1838 | D:3      | Found a glowing golden altar of the Shining One.
  1883 | D:3      | Reached skill level 1 in Armour
  1959 | D:3      | Became a worshipper of Beogh the Brigand
  1959 | D:3      | Reached * piety under Beogh
  1959 | D:3      | Reached ** piety under Beogh
  1977 | D:4      | Reached skill level 5 in Axes
  1977 | D:4      | Reached XP level 4. HP: 38/40 MP: 4/4
  1991 | D:4      | Found an iron altar of Okawaru.
  2091 | D:4      | Noticed Grinder
  2092 | D:4      | Paralysed by Grinder for 2 turns
  2099 | D:5      | Entered Level 5 of the Dungeon
  2462 | D:5      | Found a shimmering altar of Xom.
  2476 | D:5      | Reached XP level 5. HP: 20/46 MP: 5/5
  2482 | D:5      | HP: 2/46 [poisoned by an orc wizard]
  2482 | D:5      | Killed from afar by an orc wizard

Illustrated notes

Levels and vault maps discovered:
D:1:      dpeg_arrival_rooms_a, layout_basic, chequers_avenue,
          nicolae_concentric_dashed_squares_wild
D:2:      layout_basic, shapermc_ecumenical_altar_mp_ritualfount,
          minmay_misc_feat_tower
D:3:      layout_basic, tso_metal_star
D:4:      layout_rooms, okawaru_metal_pillars_1_2, uniq_robin, uniq_eustachio,
          uniq_sigmund, uniq_grinder
D:5:      layout_basic, lemuel_doored_altar, nicolae_overflow_hidden_temple,
          minmay_temple_entry_sparse_star

Skill      XL: |  1  2  3  4 |
---------------+-------------+-----
Stealth        | 2 |  2.2
Armour         | 1 2 |  2.0
Fighting       | 4 |  4.1
Axes           | 5 |  5.5
Dodging        | |  2.8
Invocations    | |  0.3

Action                   |  1- 3 |  4- 6 || total
-------------------------+-------+-------++-------
Melee: Hand axe          |   113 |    32 ||   145
       Punch             |     2 |     2 ||     4
Invok: Convert to Beogh  |     1 |       ||     1
       Smiting           |       |     2 ||     2
  Use: Scroll            |       |     9 ||     9
 Stab: Sleeping          |     1 |       ||     1
Armor: Scale mail        |    57 |    17 ||    74
       Robe              |     2 |       ||     2
Dodge: Dodged            |    63 |    31 ||    94

Table legend: (Time is in decaauts)
 A = Elapsed time spent in this place.
 B = Non-inter-level travel time spent in this place.
 C = Inter-level travel time spent in this place.
 D = Time resting spent in this place.
 E = Time spent auto-exploring this place.
 F = Levels seen in this place.
 G = Mean time per level.
                   A        B        C        D        E       F      G
               +--------+--------+--------+--------+--------+-----+--------+
         Total |   2491 |   2479 |     12 |      0 |   1946 |   5 |  498.2 |
       Dungeon |   2491 |   2479 |     12 |      0 |   1946 |   5 |  498.2 |
               +--------+--------+--------+--------+--------+-----+--------+

Top non-repeatable levels by time:
     D:1: 1485 daAuts
     D:5: 380 daAuts
     D:3: 300 daAuts
     D:2: 189 daAuts
     D:4: 135 daAuts
